Map: Berlingrad LE

Players

Warthog - Winner!

  • Race: Terran Terran
  • League: Gold
  • Spawn Location: 5:00

lurri

  • Race: Protoss Protoss
  • Spawn Location: 11:00

VOD

Have the link to the VOD?

Description

Time

  • Played on: Nov. 2, 2021, 7:11 p.m.
  • Length: 7:57
Show
View Real Time Build Order
Export as new Build Order

Warthog Terran - Winner!

Build Orders:  

Get SALT Encoding   

  12  0:02  SCV  
  14  0:14  SCV  
  14  0:18  Supply Depot  
  14  0:26  SCV  
  15  0:39  SCV  
  15  0:41  Barracks  
  16  0:43  Barracks  
  16  0:48  Refinery  
  16  0:52  SCV  
  17  1:04  SCV  
  18  1:19  SCV  
  19  1:31  Barracks Reactor  
  19  1:32  Orbital Command  
  19  1:44  Supply Depot  
  19  1:57  Bunker  
  19  1:58  SCV  
  20  2:12  SCV, Marine x2  
  23  2:21  Command Center  
  23  2:24  SCV  
  24  2:30  Marine x2  
  26  2:37  SCV  
  26  2:43  Supply Depot  
  27  2:48  Marine x2  
  29  2:53  SCV  
  31  3:12  SCV  
  31  3:15  Marine x2  
  32  3:22  Barracks x2  
  32  3:29  Refinery  
  32  3:34  Orbital Command  
  32  3:39  Marine x2  
  34  3:42  SCV  
  35  3:49  Factory  
  35  3:57  Marine x2  
  35  3:59  SCV, Orbital Command  
  38  4:15  SCV, Barracks Tech Lab  
  38  4:16  Barracks Tech Lab, Marine x2  
  41  4:22  Engineering Bay  
  41  4:24  SCV  
  41  4:27  SCV  
  43  4:36  SCV  
  44  4:41  Starport  
  44  4:42  Factory Reactor  
  44  4:43  Marine x4  
  44  4:45  Stimpack, Combat Shield  
  48  4:46  SCV  
  48  4:48  SCV  
  50  4:59  Supply Depot, SCV  
  51  5:00  Supply Depot  
  51  5:01  Missile Turret  
  51  5:06  Missile Turret  
  51  5:08  SCV  
  51  5:13  SCV  
  53  5:19  Marine  
  53  5:20  SCV, Marine x2  
  57  5:25  SCV  
  58  5:28  Terran Infantry Weapons Level 1  
  58  5:32  SCV  
  58  5:33  Medivac  
  58  5:35  Medivac  
  63  5:37  SCV  
  63  5:42  Marine x3  
  65  5:43  Marine  
  65  5:49  Supply Depot  
  68  5:51  Supply Depot  
  68  6:01  Factory Tech Lab  
  68  6:02  SCV  
  69  6:06  Command Center  
  69  6:12  Supply Depot  
  69  6:14  Marine  
  69  6:15  SCV, Marine x2  
  69  6:16  SCV  
  69  6:17  Marine  
  75  6:19  Medivac  
  75  6:23  Medivac  
  79  6:27  Supply Depot  
  79  6:28  SCV x2  
  81  6:35  Refinery  
  81  6:37  Supply Depot, Refinery  
  81  6:40  SCV x2  
  81  6:42  Marine  
  83  6:52  SCV x2  
  85  7:04  Marine x2  
  87  7:10  Siege Tank  
  87  7:11  Medivac, Marine  
  87  7:12  SCV  
  93  7:18  Armory  
  93  7:19  Engineering Bay  
  93  7:28  Marine x3  
  98  7:30  Orbital Command  
Show
View Real Time Build Order
Export as new Build Order

lurri Protoss 

Build Orders:  

Get SALT Encoding   

  12  0:07  Probe  
  13  0:16  Assimilator  
  13  0:29  Probe  
  13  0:34  Assimilator  
  14  0:36  Pylon  
  14  0:41  Probe (Chrono Boost)  
  15  0:59  Pylon  
  15  1:06  Pylon  
  15  1:14  Assimilator  
  14  1:22  Probe  
  15  1:29  Gateway  
  15  1:34  Probe (Chrono Boost)  
  16  1:46  Probe (Chrono Boost)  
  17  1:53  Probe (Chrono Boost)  
  18  2:01  Probe  
  18  2:05  Gateway  
  19  2:14  Forge  
  19  2:19  Pylon  
  19  2:27  Zealot (Chrono Boost)  
  22  2:30  Probe  
  22  2:42  Probe  
  23  2:54  Probe  
  23  2:55  Cybernetics Core  
  24  3:06  Probe  
  25  3:16  Gateway  
  25  3:19  Pylon  
  25  3:39  Stargate  
  25  3:55  Twilight Council  
  25  3:58  Zealot  
  27  4:07  Probe (Chrono Boost)  
  29  4:17  Probe (Chrono Boost)  
  29  4:30  Zealot  
  29  4:31  Zealot  
  33  4:34  Oracle  
  33  4:38  Probe  
  37  4:54  Robotics Facility  
  37  4:57  Pylon  
  37  5:09  Stalker  
  39  5:15  Stalker x2  
  43  5:37  Charge  
  43  5:41  Stalker  
  45  5:45  Zealot  
  44  6:19  Nexus  
  44  6:25  Pylon  
  44  6:26  Pylon  
  46  6:43  Zealot  
  9  7:30  Probe  
  6  7:37  Gateway  
  6  7:43  Probe  
Tags
 
Add a new tag
Caveats
  • Supply blocks, unpowered buildings, or Contaminate may cause inaccurate times.
  • Supply counts are checked every 10 seconds.